[ AOE2 MATCH · #505623814 ]
UnrankedJapanese vs Wei
Player's team · WIN
Rival team · LOSS
[ REPLAY ANALYSIS · EXTRACTED FROM THE RECORDED GAME ]
Feudal
8:53
Castle
27:28
Imperial
42:48
| APM avg | 53.2 |
| APM peak | 93 |
| eAPM avg | 26.4 |
| Villagers / military | 213 / 123 |
Focus
⚔️ 34.0% · 🌾 66.0%
Knight ×48 · Samurai ×38 · Militia ×13 · Battering Ram ×10 · Trebuchet (Packed) ×6 · Monk ×5
Feudal
9:17
Castle
26:50
Imperial
—
| APM avg | 61.9 |
| APM peak | 131 |
| eAPM avg | 32.6 |
| Villagers / military | 199 / 34 |
Focus
⚔️ 39.6% · 🌾 60.4%
Unknown (1952) ×87 · Archer ×24 · Unknown (1949) ×19 · Monk ×7 · Scout Cavalry ×3
Match map
Initial resources + every placement click. Lines = walls · curves = elevation contours. ◆ gold · ⬟ stone · ● berries · ✦ relic · ◌ wall gap
Your base· Open — 13t gap
Pirate's base· Open — 2t gap
Smoothed initial terrain · ◌ = detected wall gap · hover for details
Inputs per minute
— 新竹 - - Pirate
Build order — 新竹
First 150 of 488 actions detected
| 0:00 | Create | Villager (Male) |
| 0:01 | Create | Villager (Male) |
| 0:01 | Create | Villager (Male) |
| 0:01 | Create | Villager (Male) |
| 0:02 | Build | House |
| 0:04 | Build | House |
| 1:29 | Create | Villager (Male) |
| 1:29 | Create | Villager (Male) |
| 1:29 | Create | Villager (Male) |
| 2:03 | Create | Villager (Male) |
| 2:04 | Create | Villager (Male) |
| 2:18 | Create | Villager (Male) |
| 2:18 | Create | Villager (Male) |
| 2:18 | Create | Villager (Male) |
| 2:18 | Create | Villager (Male) |
| 2:32 | Build | Lumber Camp |
| 2:49 | Create | Villager (Male) |
| 2:49 | Create | Villager (Male) |
| 2:49 | Create | Villager (Male) |
| 3:01 | Build | House |
| 3:16 | Create | Villager (Male) |
| 3:16 | Create | Villager (Male) |
| 3:16 | Create | Villager (Male) |
| 3:38 | Create | Villager (Male) |
| 3:38 | Create | Villager (Male) |
| 3:38 | Create | Villager (Male) |
| 4:03 | Create | Villager (Male) |
| 4:03 | Create | Villager (Male) |
| 4:28 | Create | Villager (Male) |
| 4:28 | Create | Villager (Male) |
| 4:44 | Create | Villager (Male) |
| 4:45 | Create | Villager (Male) |
| 4:45 | Create | Villager (Male) |
| 4:45 | Create | Villager (Male) |
| 5:09 | Build | Mining Camp |
| 5:32 | Create | Villager (Male) |
| 5:32 | Create | Villager (Male) |
| 5:40 | Research | Loom |
| 5:40 | Research | Loom |
| 5:50 | Build | Palisade Wall |
| 6:43 | Research | Feudal Age |
| 6:43 | Research | Feudal Age |
| 6:57 | Build | House |
| 7:21 | Build | Mill |
| 7:37 | Build | Barracks |
| 8:06 | Create | Militia ×3 |
| 8:06 | Create | Militia |
| 8:53 | Age | Feudal Age |
| 8:57 | Build | Watch Tower |
| 8:58 | Research | Man-at-Arms (upgrade) |
| 8:59 | Research | Man-at-Arms (upgrade) |
| 8:59 | Research | Man-at-Arms (upgrade) |
| 9:07 | Create | Villager (Male) |
| 9:07 | Create | Villager (Male) |
| 9:07 | Create | Villager (Male) |
| 9:07 | Create | Villager (Male) |
| 9:13 | Build | House |
| 9:26 | Build | Farm |
| 9:27 | Create | Villager (Male) |
| 9:27 | Create | Villager (Male) |
| 9:27 | Create | Villager (Male) |
| 9:28 | Create | Villager (Male) |
| 9:49 | Build | House |
| 9:51 | Create | Villager (Male) |
| 9:51 | Create | Villager (Male) |
| 9:52 | Create | Villager (Male) |
| 9:52 | Create | Villager (Male) |
| 10:26 | Create | Spearman |
| 10:48 | Build | Mining Camp |
| 10:49 | Create | Villager (Male) |
| 10:50 | Create | Villager (Male) |
| 10:50 | Create | Villager (Male) |
| 10:50 | Create | Villager (Male) |
| 10:57 | Build | Farm |
| 11:10 | Create | Spearman |
| 11:14 | Build | Farm |
| 11:15 | Build | Farm |
| 11:26 | Build | Palisade Wall |
| 11:30 | Build | Palisade Wall |
| 11:37 | Build | Palisade Wall |
| 11:51 | Create | Militia |
| 11:51 | Create | Militia |
| 11:51 | Create | Militia |
| 11:57 | Build | Farm |
| 11:59 | Create | Villager (Male) |
| 11:59 | Create | Villager (Male) |
| 11:59 | Create | Villager (Male) |
| 12:19 | Create | Villager (Male) |
| 12:19 | Create | Villager (Male) |
| 12:19 | Create | Villager (Male) |
| 12:20 | Create | Villager (Male) |
| 12:36 | Create | Spearman |
| 12:51 | Create | Villager (Male) |
| 12:51 | Create | Villager (Male) |
| 12:51 | Create | Villager (Male) |
| 12:52 | Create | Villager (Male) |
| 13:13 | Create | Villager (Male) |
| 13:13 | Create | Villager (Male) |
| 13:13 | Create | Villager (Male) |
| 13:17 | Build | Mining Camp |
| 13:31 | Build | Watch Tower |
| 13:39 | Create | Villager (Male) |
| 13:39 | Create | Villager (Male) |
| 13:39 | Create | Villager (Male) |
| 13:39 | Create | Villager (Male) |
| 13:46 | Build | House |
| 13:48 | Build | House |
| 13:49 | Build | House |
| 14:35 | Create | Villager (Male) |
| 14:35 | Create | Villager (Male) |
| 14:35 | Create | Villager (Male) |
| 14:35 | Create | Villager (Male) |
| 14:50 | Build | Watch Tower |
| 14:53 | Create | Villager (Male) |
| 14:54 | Create | Villager (Male) |
| 14:54 | Create | Villager (Male) |
| 14:54 | Create | Villager (Male) |
| 14:56 | Build | Farm |
| 14:57 | Build | Farm |
| 14:58 | Build | Farm |
| 15:30 | Create | Villager (Male) |
| 15:30 | Create | Villager (Male) |
| 15:30 | Create | Villager (Male) |
| 15:40 | Build | Stone Wall |
| 15:41 | Build | Stone Wall |
| 15:42 | Build | Stone Wall |
| 15:43 | Build | Stone Wall |
| 15:52 | Create | Villager (Male) |
| 15:52 | Create | Villager (Male) |
| 15:52 | Create | Villager (Male) |
| 15:52 | Create | Villager (Male) |
| 16:17 | Research | Double-Bit Axe |
| 16:17 | Research | Double-Bit Axe |
| 16:17 | Research | Double-Bit Axe |
| 16:35 | Build | Watch Tower |
| 16:46 | Create | Villager (Male) |
| 16:46 | Create | Villager (Male) |
| 16:48 | Build | Farm |
| 16:55 | Create | Villager (Male) |
| 16:56 | Create | Villager (Male) |
| 16:59 | Build | Blacksmith |
| 17:07 | Create | Villager (Male) |
| 17:08 | Create | Villager (Male) |
| 17:25 | Research | Fletching |
| 17:25 | Research | Fletching |
| 17:37 | Build | Palisade Wall |
| 17:39 | Build | Palisade Wall |
| 17:40 | Build | Palisade Wall |
| 18:01 | Create | Villager (Male) |
| 18:01 | Create | Villager (Male) |
Build order — Pirate
First 150 of 550 actions detected
| 0:02 | Build | House |
| 0:02 | Create | Villager (Male) |
| 0:03 | Build | House |
| 0:05 | Create | Villager (Male) |
| 0:10 | Create | Villager (Male) |
| 0:11 | Create | Villager (Male) |
| 0:11 | Create | Villager (Male) |
| 1:27 | Create | Villager (Male) |
| 1:27 | Create | Villager (Male) |
| 1:51 | Create | Villager (Male) |
| 1:51 | Create | Villager (Male) |
| 2:01 | Build | Lumber Camp |
| 2:22 | Create | Villager (Male) |
| 2:22 | Create | Villager (Male) |
| 2:50 | Create | Villager (Male) |
| 2:50 | Create | Villager (Male) |
| 3:14 | Create | Villager (Male) |
| 3:14 | Create | Villager (Male) |
| 3:39 | Create | Villager (Male) |
| 3:39 | Create | Villager (Male) |
| 3:48 | Build | House |
| 4:06 | Create | Villager (Male) |
| 4:06 | Create | Villager (Male) |
| 4:06 | Create | Villager (Male) |
| 4:21 | Build | Mill |
| 4:54 | Create | Villager (Male) |
| 5:23 | Create | Villager (Male) |
| 5:48 | Create | Villager (Male) |
| 6:13 | Create | Villager (Male) |
| 6:24 | Research | Loom |
| 7:03 | Research | Feudal Age |
| 7:03 | Research | Feudal Age |
| 7:31 | Build | Palisade Wall |
| 7:33 | Build | Palisade Wall |
| 7:40 | Build | House |
| 7:43 | Build | Palisade Wall |
| 7:48 | Build | Palisade Wall |
| 7:48 | Build | Palisade Wall |
| 7:48 | Build | Palisade Wall |
| 8:06 | Build | Palisade Wall |
| 8:09 | Build | Palisade Wall |
| 8:18 | Create | Villager (Male) |
| 8:22 | Build | Barracks |
| 8:35 | Create | Villager (Male) |
| 9:17 | Age | Feudal Age |
| 9:35 | Build | Stable |
| 9:39 | Research | Double-Bit Axe |
| 9:49 | Build | Lumber Camp |
| 9:53 | Create | Villager (Male) |
| 10:07 | Build | House |
| 10:19 | Build | Palisade Wall |
| 10:22 | Build | Palisade Wall |
| 10:36 | Create | Villager (Male) |
| 10:36 | Create | Villager (Male) |
| 10:37 | Create | Scout Cavalry |
| 10:44 | Build | Palisade Wall |
| 10:50 | Create | Scout Cavalry |
| 10:51 | Create | Scout Cavalry |
| 10:59 | Build | Palisade Wall |
| 11:01 | Create | Villager (Male) |
| 11:29 | Create | Villager (Male) |
| 11:33 | Build | Mill |
| 11:40 | Build | House |
| 11:42 | Build | House |
| 12:04 | Create | Villager (Male) |
| 12:08 | Build | Farm |
| 12:19 | Build | Farm |
| 12:20 | Create | Villager (Male) |
| 12:28 | Build | House |
| 12:41 | Build | Palisade Wall |
| 12:47 | Build | Palisade Wall |
| 12:53 | Create | Villager (Male) |
| 13:02 | Build | Farm |
| 13:04 | Build | Farm |
| 13:19 | Build | House |
| 13:31 | Create | Villager (Male) |
| 13:33 | Build | Archery Range |
| 13:41 | Build | Watch Tower |
| 13:52 | Create | Villager (Male) |
| 14:28 | Create | Archer |
| 14:28 | Create | Archer |
| 14:29 | Create | Villager (Male) |
| 14:30 | Build | Mining Camp |
| 15:16 | Create | Villager (Male) |
| 15:24 | Create | Archer |
| 15:24 | Create | Archer |
| 15:32 | Build | Mining Camp |
| 15:35 | Create | Archer |
| 15:35 | Create | Archer |
| 15:40 | Build | House |
| 15:40 | Build | House |
| 15:43 | Build | Farm |
| 15:47 | Build | Farm |
| 16:06 | Create | Archer |
| 16:07 | Create | Villager (Male) |
| 16:08 | Create | Villager (Male) |
| 16:20 | Build | House |
| 16:25 | Create | Villager (Male) |
| 16:26 | Create | Villager (Male) |
| 16:27 | Build | House |
| 16:30 | Build | House |
| 16:31 | Build | House |
| 16:41 | Create | Archer |
| 16:46 | Create | Archer |
| 16:47 | Create | Villager (Male) |
| 17:08 | Create | Archer |
| 17:08 | Create | Archer |
| 17:14 | Build | Watch Tower |
| 17:19 | Create | Villager (Male) |
| 17:21 | Build | Blacksmith |
| 17:31 | Create | Archer |
| 17:43 | Create | Villager (Male) |
| 18:00 | Build | Farm |
| 18:31 | Research | Fletching |
| 18:35 | Build | Farm |
| 18:39 | Create | Archer |
| 18:39 | Create | Archer |
| 18:45 | Build | Farm |
| 19:14 | Create | Archer |
| 19:14 | Create | Archer |
| 19:32 | Create | Villager (Male) |
| 19:50 | Create | Archer |
| 19:51 | Create | Villager (Male) |
| 19:51 | Create | Villager (Male) |
| 19:54 | Build | Farm |
| 19:54 | Build | Farm |
| 19:54 | Build | Farm |
| 20:06 | Build | Farm |
| 20:34 | Create | Archer |
| 20:34 | Create | Archer |
| 20:43 | Build | Watch Tower |
| 21:03 | Create | Villager (Male) |
| 21:03 | Create | Villager (Male) |
| 21:11 | Create | Villager (Male) |
| 21:11 | Create | Villager (Male) |
| 21:13 | Create | Archer |
| 21:15 | Research | Horse Collar |
| 21:19 | Build | Gate |
| 21:23 | Build | Farm |
| 21:24 | Build | Farm |
| 21:24 | Build | Farm |
| 21:45 | Build | Farm |
| 22:26 | Create | Villager (Male) |
| 22:46 | Create | Villager (Male) |
| 23:10 | Build | Lumber Camp |
| 23:23 | Create | Villager (Male) |
| 24:09 | Build | Market |
| 24:10 | Research | Castle Age |
| 24:11 | Research | Castle Age |
| 24:35 | Build | House |
Match timeline
| 5:50 | 新竹 · wall_segment Palisade Wall x1 |
| 7:31 | Pirate · wall_segment Palisade Wall x4 |
| 7:33 | Pirate · wall_segment Palisade Wall x1 |
| 7:37 | 新竹 · first_building Barracks |
| 7:43 | Pirate · wall_segment Palisade Wall x4 |
| 7:48 | Pirate · wall_segment Palisade Wall x1 |
| 7:48 | Pirate · wall_segment Palisade Wall x1 |
| 7:48 | Pirate · wall_segment Palisade Wall x1 |
| 8:06 | Pirate · wall_segment Palisade Wall x1 |
| 8:09 | Pirate · wall_segment Palisade Wall x1 |
| 8:22 | Pirate · first_building Barracks |
| 8:53 | 新竹 · age_up feudal |
| 9:17 | Pirate · age_up feudal |
| 9:35 | Pirate · first_building Stable |
| 10:19 | Pirate · wall_segment Palisade Wall x6 |
| 10:22 | Pirate · wall_segment Palisade Wall x5 |
| 10:44 | Pirate · wall_segment Palisade Wall x2 |
| 10:59 | Pirate · wall_segment Palisade Wall x1 |
| 11:26 | 新竹 · wall_segment Palisade Wall x1 |
| 11:30 | 新竹 · wall_segment Palisade Wall x1 |
| 11:37 | 新竹 · wall_segment Palisade Wall x1 |
| 12:41 | Pirate · wall_segment Palisade Wall x4 |
| 12:47 | Pirate · wall_segment Palisade Wall x2 |
| 13:33 | Pirate · first_building Archery Range |
| 15:40 | 新竹 · wall_segment Stone Wall x2 |
| 15:41 | 新竹 · wall_segment Stone Wall x2 |
| 15:42 | 新竹 · wall_segment Stone Wall x3 |
| 15:43 | 新竹 · wall_segment Stone Wall x3 |
| 17:37 | 新竹 · wall_segment Palisade Wall x3 |
| 17:39 | 新竹 · wall_segment Palisade Wall x3 |
| 17:40 | 新竹 · wall_segment Palisade Wall x1 |
| 24:36 | Pirate · wall_segment Palisade Wall x1 |
| 24:41 | Pirate · wall_segment Palisade Wall x3 |
| 25:00 | 新竹 · first_building Stable |
| 26:10 | 新竹 · first_market_buy 100 food |
| 26:50 | Pirate · age_up castle |
| 26:51 | Pirate · first_market_buy 100 stone |
| 26:55 | Pirate · first_building Castle |
| 27:28 | 新竹 · age_up castle |
| 28:31 | Pirate · first_building Siege Workshop |
| 29:42 | Pirate · first_building Monastery |
| 30:11 | Pirate · wall_segment Palisade Wall x1 |
| 31:20 | Pirate · first_market_sell 100 stone |
| 32:12 | 新竹 · first_building Monastery |
| 37:55 | 新竹 · first_building Castle |
| 38:57 | 新竹 · first_building Siege Workshop |
| 40:49 | 新竹 · wall_segment Palisade Wall x1 |
| 41:16 | 新竹 · wall_segment Palisade Wall x1 |
| 42:48 | 新竹 · age_up imperial |
| 49:24 | Pirate · resign |
[ AI ANALYSIS · 1 CREDIT ]
What really happened in this match?
Wolo.gg analyzes every decision: build order, eco, micro, common mistakes by bracket. Personalized analysis on WhatsApp or Discord in 30 seconds.
Civ guide
Japanese
Perfil
新竹